 Dungeon Crawl Stone Soup version 0.22.1-6-g1668fe2 (webtiles) character file.

599 Fang the Chopper (level 7, 0/44 HPs)
             Began as a Gargoyle Berserker on Feb 4, 2019.
             Was an Elder of Trog.
             Slain by Prince Ribbit (10 damage)
             ... on level 5 of the Dungeon.
             The game lasted 00:06:18 (3342 turns).

Fang the Chopper (Gargoyle Berserker)               Turns: 3342, Time: 00:06:18

Health: 0/44       AC: 10    Str: 22    XL:     7   Next: 41%
Magic:  0/7        EV: 11    Int:  8    God:    Trog [****..]
Gold:   132        SH:  0    Dex:  9    Spells: 6/6 levels left

rFire    . . .     SeeInvis .   r - +0 war axe
rCold    . . .     Gourm    .   (no shield)
rNeg     + . .     Faith    .   e - +0 ring mail
rPois    ∞         Spirit   +   (no helmet)
rElec    +         Reflect  .   (no cloak)
rCorr    .         Harm     .   (no gloves)
MR       .....                  (no boots)
Stlth    +.........             g - amulet of guardian spirit
HPRegen  0.14/turn              (no ring)
MPRegen  0.10/turn              (no ring)

@: no status effects
A: negative energy resistance 1, electricity resistance, unbreathing,
petrification resistance, rot immunity, AC +4
a: Berserk, Trog's Hand, Brothers in Arms, Renounce Religion


You were on level 5 of the Dungeon.
You worshipped Trog.
Trog was greatly pleased with you.
You were very hungry.

You visited 1 branch of the dungeon, and saw 5 of its levels.

You collected 132 gold pieces.

Inventory:

Hand Weapons
 r - a +0 war axe (weapon)
Armour
 e - a +0 ring mail (worn)
Jewellery
 g - an amulet of guardian spirit (around neck)
Scrolls
 b - 2 scrolls of fear {unknown}
 d - 2 scrolls of identify {unknown}
 j - a scroll of enchant weapon {unknown}
 m - 2 scrolls of remove curse {unknown}
 n - a scroll of amnesia {unknown}
 s - a scroll of immolation {unknown}
 t - a scroll of teleportation {unknown}
Potions
 a - a potion of magic {unknown}
 f - 2 potions of curing
 h - a potion of flight {unknown}
 i - 2 potions of haste {unknown}
 k - a potion of cancellation {unknown}
 l - 2 potions of degeneration {unknown}
 o - a potion of heal wounds {unknown}
 p - 2 potions of agility {unknown}
 q - a potion of lignification {unknown}
Comestibles
 c - 5 rations


   Skills:
 + Level 4.8 Fighting
 + Level 5.5 Axes
 + Level 4.3 Armour
 + Level 2.7 Dodging
 + Level 0.6 Stealth


You had 6 spell levels left.
You didn't know any spells.
Your spell library was empty.

Dungeon Overview and Level Annotations

Branches:
Dungeon (5/15)
 Temple: D:4-7

Altars:
Qazlal

Annotations:
D:5 1 transporter, Prince Ribbit


Innate Abilities, Weirdness & Mutations

You are resistant to torment.
Your stone body is resilient. (AC +4)
You are immune to poison.
You resist negative energy. (rN+)
You are resistant to electric shocks. (rElec)
You can survive without breathing.
You are immune to petrification.
You are immune to rotting.


Message History

You are too injured to fight recklessly!
You are too injured to fight recklessly!
You are too injured to fight recklessly!
You are too injured to fight recklessly!
You are too injured to fight recklessly!
You are too injured to fight recklessly!
You are too injured to fight recklessly!
You are too injured to fight recklessly!
You miss Prince Ribbit.
Prince Ribbit is lightly wounded.
Prince Ribbit hits you but does no damage.
Prince Ribbit hits you!
* * * LOW HITPOINT WARNING * * *
You completely miss Prince Ribbit.
Prince Ribbit is lightly wounded.
Prince Ribbit hits you but does no damage.
You barely miss Prince Ribbit.
Prince Ribbit is lightly wounded.
Prince Ribbit hits you!
You die...

#..........###
#....##......#
#....##......#
#....##......#
##....##'#######
#..............#
#..............#
#.......F......# #+++#
##...###@#######
§§§.§..# #...# #.#
.§.§§Y§ #...# #.#
§...Y§§ #...# #.#
§$($.§ ###...# #.#
§[Y[.§ #.....#.......#
########.#####.#.....#
#.©......# #.#.....#
#....##### # #.....#


You could see Prince Ribbit.

Vanquished Creatures
  A phantom (D:5)
  A big kobold (D:4)
  2 crimson imps (D:5)
  A centaur skeleton (D:5)
  An orc priest (D:4)
  A gnoll shaman (D:5)
  2 worker ants (D:4)
  Robin (D:2)
  4 gnolls (D:5)
  7 adders
  2 shadow imps (D:5)
  2 oozes
  A worm (D:2)
  2 dart slugs
  3 leopard geckos
  4 orcs (D:4)
  10 bats
  3 giant cockroaches
  8 goblins
  12 hobgoblins
  3 jackals (D:2)
  A quokka (D:3)
  A frilled lizard (D:1)
  25 kobolds
  7 rats
105 creatures vanquished.

Notes
Turn   | Place    | Note
-------+----------+-------------------------------------------
     0 | D:1      | Fang the Gargoyle Berserker began the quest for the Orb.
     0 | D:1      | Reached XP level 1. HP: 14/14 MP: 1/1
    78 | D:1      | Reached XP level 2. HP: 17/19 MP: 2/2
   163 | D:1      | Reached skill level 3 in Axes
   328 | D:1      | Reached XP level 3. HP: 23/24 MP: 3/3
   359 | D:1      | Reached ** piety under Trog
   653 | D:2      | Noticed Robin
   667 | D:2      | Killed Robin
   751 | D:2      | Reached XP level 4. HP: 25/29 MP: 2/4
  1381 | D:2      | Reached skill level 4 in Axes
  1483 | D:3      | Reached XP level 5. HP: 25/33 MP: 5/5
  1785 | D:3      | Reached *** piety under Trog
  1979 | D:4      | Found a stormy altar of Qazlal.
  2107 | D:4      | Noticed a big kobold
  2113 | D:4      | Reached XP level 6. HP: 33/39 MP: 6/6
  2148 | D:4      | Reached **** piety under Trog
  2646 | D:5      | Entered Level 5 of the Dungeon
  2664 | D:5      | Reached skill level 5 in Axes
  2689 | D:5      | Noticed a phantom
  2701 | D:5      | Reached XP level 7. HP: 16/44 MP: 3/7
  3292 | D:5      | Found a transporter.
  3322 | D:5      | Noticed Prince Ribbit
  3342 | D:5      | Slain by Prince Ribbit

Skill      XL: |  1  2  3  4  5  6  7 |
---------------+----------------------+-----
Axes           | 3 4 5 |  5.5
Fighting       | 4 |  4.8
Dodging        | 2 |  2.7
Armour         | 3 4 |  4.3
Stealth        | |  0.6

Action                   |  1- 3 |  4- 6 |  7- 9 || total
-------------------------+-------+-------+-------++-------
Melee: Hand axe          |    83 |   185 |       ||   268
       War axe           |       |    83 |   133 ||   216
Invok: Berserk           |     1 |     1 |       ||     2
  Use: Potion            |       |       |     1 ||     1
  Eat: Chunk             |       |     6 |       ||     6
       Ration            |       |       |     1 ||     1
Armor: Animal skin       |    12 |       |       ||    12
       Ring mail         |    36 |   127 |    59 ||   222
Dodge: Dodged            |    68 |   175 |    89 ||   332
